 Dungeon Crawl Stone Soup version 0.20.1-1-g8b1a95d (webtiles) character file.

45 equalderp2856 the Scratcher (level 3, -6/17 HPs)
             Began as a Felid Fighter on July 10, 2017.
             Mangled by a worm (10 damage)
             ... on level 2 of the Dungeon.
             The game lasted 00:03:46 (1162 turns).

equalderp2856 the Scratcher (Felid Fighter)         Turns: 1162, Time: 00:03:46

Health: -6/17      AC:  1    Str: 11 (13) XL:     3   Next: 42%
Magic:  4/4        EV: 19    Int:  9      God:
Gold:   64         SH:  0    Dex: 12 (15) Spells: 2/2 levels left
                                        Lives:  0   Deaths: 0

rFire    . . .     SeeInvis +     - Unarmed
rCold    . . .     Gourm    .   (shield unavailable)
rNeg     . . .     Faith    .   (armour unavailable)
rPois    .         Spirit   .   (helmet unavailable)
rElec    .         Reflect  .   (cloak unavailable)
rCorr    .         Harm     .   (gloves unavailable)
MR       .....                  (boots unavailable)
Stlth    ++........             (no amulet)
Regen    0.1/turn               (no ring)
MPRegen  0.1/turn               (no ring)

@: quick
A: no armour, no weapons or thrown items, stealth, claws 1, fangs 3, see
invisible, carnivore 3, speed 1, shaggy fur 1, slow metabolism 1, sharp paws
a: no special abilities


You were on level 2 of the Dungeon.
You were not hungry.

You visited 1 branch of the dungeon, and saw 2 of its levels.

You collected 64 gold pieces.

Inventory:

Jewellery
 e - an uncursed ring of protection from cold {unknown}
Scrolls
 c - a scroll of random uselessness {unknown}
 d - a scroll of remove curse {unknown}
 f - 2 scrolls of identify {unknown}
Potions
 a - a potion of might
 g - a potion of resistance
 h - a potion of magic
Comestibles
 b - 2 meat rations


   Skills:
 + Level 3.1 Fighting
 + Level 4.4 Dodging
 + Level 1.7 Stealth
 + Level 4.7 Unarmed Combat


You had 2 spell levels left.
You didn't know any spells.

Dungeon Overview and Level Annotations

Branches:
Dungeon (2/15)

Altars:

Annotations:
D:2 Terence


Innate Abilities, Weirdness & Mutations

You cannot wear armour.
You are incapable of wielding weapons or throwing items.
Your paws allow you to move quietly. (Stealth)
You have sharp claws.
You have razor-sharp teeth.
You have supernaturally acute eyesight. (SInv)
You are carnivorous and can eat meat at any time.
You cover ground quickly.
You are covered in fur. (AC +1)
You have a slow metabolism.
Your sharp claws are effective at attacking unaware monsters.


Message History

You see here a bat corpse.
A worm comes into view.
A worm is nearby!
You barely miss the worm. The worm closely misses you.
You scratch the worm. You bite the worm, but do no damage.
The worm is lightly wounded.
You scratch the worm.
The worm is lightly wounded.
The worm bites you!
You scratch the worm.
The worm is moderately wounded.
The worm bites you.
* * * LOW HITPOINT WARNING * * *
You scratch the worm.
The worm is heavily wounded.
You scratch the worm but do no damage.
The worm is heavily wounded.
The worm bites you!
Ouch! That really hurt!
You die...

†# #..#.###''###.#
##.##
†###....#......#.#
####...#
......#.#......#.#
#.......
#..##.#.#......#.#
#.##...#
#..##.#.#.P†...#.#
#)###.##
#...#.#.P......#.###
#.# #.#
#.#.#.#..P...P.#...##
#.# #.##
#.#.#(#.P####P##w...#
#.###...
#.#.#.#.........@#
#.......
#.#.#.############
#.###.## #.#.#.# #.#
#... #.....# #.......
#...### #.###.## #...#
# #.# #.#
#...##############....
..# #.#
#..............^......
... ..#
##......##########.###
###


You could see a worm.

Vanquished Creatures
  2 worms (D:2)
  2 dart slugs (D:1)
  5 bats
  2 giant cockroaches
  5 goblins
  2 hobgoblins (D:1)
  3 jackals (D:1)
  4 kobolds
  3 frilled lizards (D:1)
  6 rats
34 creatures vanquished.

Notes
Turn   | Place    | Note
-------+----------+-------------------------------------------
     0 | D:1      | equalderp2856 the Felid Fighter began the quest for the Orb.
     0 | D:1      | Reached XP level 1. HP: 10/10 MP: 2/2
   172 | D:1      | Reached XP level 2. HP: 8/14 MP: 3/3
   512 | D:1      | Reached skill level 1 in Stealth
   605 | D:1      | Reached XP level 3. HP: 14/17 MP: 4/4
   747 | D:1      | You fall through a shaft!
   770 | D:2      | Noticed Terence
  1162 | D:2      | Mangled by a worm

Skill      XL: |  1  2 |
---------------+-------+-----
Stealth        | 1 |  1.7
Fighting       | |  3.1
Dodging        | |  4.4
Unarmed Combat | |  4.7

Action                   || total
-------------------------++-------
Melee: Unarmed           ||    82
       Bite              ||     5
       Punch             ||     1
  Use: Potion            ||     3
 Stab: Sleeping          ||     6
  Eat: Chunk             ||     3
Armor: Skin              ||    10
Dodge: Dodged            ||    44
